 Dungeon Crawl Stone Soup version 0.31.0-9-g3a7656b989 (webtiles) character file.

Game seed: 18210337689784731492

18 James the Sneak (level 2, 0/24 HPs)
             Began as a Formicid Delver on Jan 24, 2024.
             Succumbed to an adder's poison
             ... on level 5 of the Dungeon.
             The game lasted 00:00:58 (117 turns).

James the Sneak (Formicid Delver)                    Turns: 117, Time: 00:00:59

Health: 0/24       AC:  4    Str: 16    XL:     2   Next: 90%
Magic:  2/2        EV: 12    Int:  9    God:
Gold:   5          SH:  0    Dex: 15    Spells: 1/1 levels left

rFire   . . .        a - +0 mace
rCold   . . .        (no shield)
rNeg    . . .        b - +0 leather armour
rPois   .            (helmet unavailable)
rElec   .            f - +0 cloak
rCorr   .            (no gloves)
SInv    +            (no boots)
Will    .....        (no amulet)
Stlth   +++          (no ring)
HPRegen 0.24/turn    (no ring)
MPRegen 0.08/turn

%: no passive effects
@: lethally poisoned (0 -> -1)
A: permanent stasis, dig shafts and tunnels, antennae 3, four strong arms
a: Dig, Shaft Self


You were on level 5 of the Dungeon.
You visited 1 branch of the dungeon, and saw 1 of its levels.

You collected 5 gold pieces.

Inventory:

Hand Weapons
 a - a +0 mace (weapon)
Armour
 b - a +0 leather armour (worn)
 f - a +0 cloak (worn)
   (You found it on level 5 of the Dungeon)
Wands
 v - a wand of digging (3)
Scrolls
 c - a scroll of fog
 d - a scroll of revelation
 e - a scroll of fear


   Skills:
 - Level 3.2 Fighting
 + Level 3.2 Maces & Flails
 - Level 1.7 Dodging
 - Level 6.0 Stealth


You had one spell level left.
You didn't know any spells.
Your spell library was empty.

Dungeon Overview and Level Annotations

Branches:
Dungeon (5/15)
 Temple: D:4-7

Altars:


Innate Abilities, Weirdness & Mutations

You cannot be hasted, slowed, berserked, paralysed or teleported.
You can dig through walls and to a lower floor.
You have a pair of large antennae on your head. (SInv)
Your four strong arms can wield two-handed weapons with a shield.


Message History

You are no longer poisoned.
You start resting.
You see here an adder corpse.
Your movement speed is average.
Your attack delay is about 1.2.
Your damage rating with your +0 mace is about 10 (Base 8 x 115% (Str) x 110% (Skill)).
Unknown command.
The helpless adder fails to defend itself.
You hit the adder. The adder bites you but does no damage.
The adder misses you.
You barely miss the adder. The adder misses you.
You hit the adder. The adder misses you.
The adder bites you but does no damage.
You miss the adder. The adder closely misses you. x2
You miss the adder. The adder misses you.
You hit the adder but do no damage. The adder bites you.
You are poisoned.
The adder poisons you! The adder closely misses you.
You closely miss the adder.
You feel sick. The adder bites you but does no damage. The adder bites you.
You hit the adder but do no damage.
You feel sick. The adder bites you.
* * * LOW HITPOINT WARNING * * *
You are more poisoned.
The adder poisons you!
You closely miss the adder.
You feel very sick. The adder closely misses you. The adder bites you.
* * * LOW HITPOINT WARNING * * *
You hit the adder.
* * * LOW HITPOINT WARNING * * *
You feel sick. The adder misses you. The adder completely misses you.
You hit the adder but do no damage.
* * * LOW HITPOINT WARNING * * *
You feel sick. The adder barely misses you.
You are lethally poisoned (3 -> 0).
Your movement speed is average.
Your attack delay is about 1.2.
Your damage rating with your +0 mace is about 10 (Base 8 x 115% (Str) x 110% (Skill)).
You hit the adder.
You kill the adder!
* * * LOW HITPOINT WARNING * * *
You feel sick.
Your Maces & Flails skill increases to level 3!
You are lethally poisoned (3 -> 0).
Your movement speed is average.
Your attack delay is about 1.2.
Your damage rating with your +0 mace is about 10 (Base 8 x 115% (Str) x 111% (Skill)).
You aren't carrying any potions.
* * * LOW HITPOINT WARNING * * *
You feel sick.
* * * LOW HITPOINT WARNING * * *
You feel sick.
You die...

######### ##.#.....#
##........# #........#
#.......### ##
#......##.##### ##.#
#.......#.##..## ####
###...##...@......#...###..#
#.................#...##...#
.......................##...#
......###...................#
...........................##
.........#.........####...###
.......#....#......#....##†..
......##..###.........#.##...
..........# #........#####...


There were no monsters in sight!

Vanquished Creatures
  2 adders (D:5)
2 creatures vanquished.

Notes
Turn   | Place    | Note
-------+----------+-------------------------------------------
     0 | D:5      | James the Formicid Delver began the quest for the Orb.
     0 | D:5      | Reached XP level 1. HP: 18/18 MP: 1/1
    58 | D:5      | Reached XP level 2. HP: 20/24 MP: 2/2
   116 | D:5      | HP: 1/24 [poisoned by an adder]
   117 | D:5      | Succumbed to an adder's poison

Illustrated notes

Levels and vault maps discovered:
D:5:      layout_cave_pools, uniq_duvessa, uniq_pikel

Skill      XL: |  1  2 |
---------------+-------+-----
Maces & Flails | 3 |  3.2
Fighting       | |  3.2
Dodging        | |  1.7
Stealth        | |  6.0

Action                     || total
---------------------------++-------
  Melee: Mace              ||    15
   Stab: Sleeping          ||     2
 Armour: Leather armour    ||    10
  Dodge: Dodged            ||    12
